 Dungeon Sprint DCSS version 0.27.1-2-g3b301248ec (webtiles) character file.

Game seed: 254633793236059804

0 boopmooplesden the Shield-Bearer (level 1, -4/28 HPs)
             Began as a Minotaur Fighter on Sept 23, 2021.
             Slain by a neqoxec (9 damage)
             ... in the Dungeon (Sprint II: "The Violet Keep of Menkaure").
             The game lasted 00:00:07 (10 turns).

boopmooplesden the Shield-Bearer (Minotaur Fighter)   Turns: 10, Time: 00:00:07

Health: -4/28      AC:  6    Str: 20      XL:     1   Next: 0%
Magic:  0/0        EV:  7    Int:  0 (5)  God:
Gold:   0          SH:  9    Dex:  9      Spells: 0/0 levels left

rFire    . . .     SeeInvis .   a - +0 war axe
rCold    . . .     Faith    .   c - +0 kite shield
rNeg     . . .     Spirit   .   b - +0 scale mail
rPois    .         Reflect  .   (helmet restricted)
rElec    .         Harm     .   (no cloak)
rCorr    .         Rampage  .   (no gloves)
Will     .....     NoTele   +   (no boots)
Stlth    ..........             (no amulet)
HPRegen  0.09/turn              (no ring)
MPRegen  0.07/turn              (no ring)

@: berserking, slowed, lost intelligence
A: horns 2, retaliatory headbutt
a: no special abilities


You were in the Dungeon.
You visited 1 branch

Inventory:

Hand Weapons
 a - a +0 war axe (weapon)
Armour
 b - a +0 scale mail (worn)
 c - a +0 kite shield (worn)
Scrolls
 j - a scroll of blinking
Potions
 d - a potion of might
 e - a potion of curing
 f - a potion of heal wounds
 g - a potion of haste
 h - 2 potions of magic


   Skills:
 + Level 3.6 Fighting
 + Level 2.4 Axes
 + Level 3.6 Armour
 + Level 3.6 Shields


You couldn't memorise any spells.
You didn't know any spells.
Your spell library was empty.

Dungeon Overview and Level Annotations

Branches:
Dungeon (1/1)

Altars:


Innate Abilities, Weirdness & Mutations

You have a pair of horns on your head.
You reflexively headbutt those who attack you in melee.


Message History

Welcome, boopmooplesden the Minotaur Fighter.
Press ? for a list of commands and other information.
Found a staircase leading out of the dungeon.
As you open the door, it creaks loudly! 2 wyverns come into view.
The wyvern hisses angrily. x2
Found 243 gold pieces.
You close the door.
You open the door. 4 neqoxecs come into view.
The neqoxec shouts! x4
The neqoxec gestures at you.
You feel dopey. Something feeds on your intellect!
Found 243 gold pieces.
A red film seems to cover your vision as you go berserk!
You feel yourself moving faster!
You feel mighty! The neqoxec hits you! The neqoxec gestures at you.
You feel dopey. Something feeds on your intellect!
You closely miss the neqoxec. You headbutt the neqoxec.
The neqoxec is lightly wounded.
You block the neqoxec's attack.
You barely miss the neqoxec. You headbutt the neqoxec!
The neqoxec is severely wounded.
The neqoxec gestures at you.
You feel dopey.
You have lost your intelligence.
Something feeds on your intellect! The neqoxec hits you. The neqoxec hits you!
* * * LOW HITPOINT WARNING * * *
You can move again.
You slash the neqoxec!
You kill the neqoxec!
The neqoxec hits you!
You die...

# #.
#+#
#l##.##
#+.<.+
#l##@##
#. #3#
# .33
..##.
### ##


You could see 3 neqoxecs.

Vanquished Creatures
  A neqoxec (D)
1 creature vanquished.

Notes
Turn   | Place    | Note
-------+----------+-------------------------------------------
     0 | D        | boopmooplesden the Minotaur Fighter began the quest for the
                  | Orb.
     0 | D        | Reached XP level 1. HP: 19/19 MP: 0/0
     1 | D        | Noticed a wyvern
     1 | D        | Noticed a wyvern
     4 | D        | Noticed a neqoxec
     4 | D        | Noticed a neqoxec
     4 | D        | Noticed a neqoxec
     4 | D        | Noticed a neqoxec
     7 | D        | Lost intelligence.
    10 | D        | Killed a neqoxec
    10 | D        | Slain by a neqoxec

Illustrated notes

Levels and vault maps discovered:
D:        the_violet_keep_of_menkaure [sprint2_stairs_cluster_1,
          sprint2_shoproom, sprint2_temple, sprint2_basic_supplies,
          sprint2_obstacle_5, sprint2_obstacle_3, sprint2_obstacle_1,
          sprint2_obstacle_4, sprint2_obstacle_7, sprint2_timed_cluster_1,
          sprint2_smallroom_cluster_1, sprint2_smallroom_final_cluster_1,
          sprint2_transparent_cluster_1, sprint2_second_timed_cluster_1,
          sprint2_sniper_area_1, sprint2_heavy_combat_area_1,
          sprint2_mutation_trap_area_1, sprint2_forest_area_1,
          sprint2_light_combat_area_1, sprint2_behind_water_1,
          sprint2_near_end_vault_1]

Action                   || total
-------------------------++-------
Melee: War axe           ||     3
       Headbutt          ||     2
  Use: Potion            ||     1
Block: Kite shield       ||     1
